 Dungeon Crawl Stone Soup version 0.17-a0-1479-g4041c36 (webtiles) character file.

6 amnekian the Insei (level 1, -4/13 HPs)
             Began as an Octopode Transmuter on July 3, 2015.
             Slain by a giant gecko (5 damage)
             ... on level 1 of the Dungeon.
             The game lasted 00:01:09 (179 turns).

amnekian the Insei (Octopode Transmuter)             Turns: 179, Time: 00:01:09

Health: -4/13      AC:  1    Str:  9    XL:     1   Next: 90%
Magic:  3/3        EV: 12    Int: 15    God:
Gold:   0          SH:  0    Dex: 12    Spells: 1 memorised, 3 levels left

rFire  . . .     SeeInvis .       - Unarmed
rCold  . . .     Clarity  .     (no shield)
rNeg   . . .     SustAt   .     (helmet restricted)
rPois  .         Gourm    .     (no amulet)
rElec  .         Spirit   .     (no ring)
rCorr  .         Warding  .     (no ring)
rMut   .         Stasis   .     (no ring)
MR     .....                    (no ring)
Stlth  +++.......               (no ring)
                                (no ring)
                                (no ring)
                                (no ring)

@: not resistant to hostile enchantments, fairly stealthy
A: almost no armour, amphibious, 8 rings, constrict 8, camouflage 1, gelatinous
body 1
a: no special abilities


You were on level 1 of the Dungeon.
You were not hungry.

You visited 1 branch of the dungeon, and saw 1 of its levels.

Inventory:

Missiles
 a - 12 arrows
 e - 4 stones (quivered)
Scrolls
 d - a scroll of remove curse {unknown}
 g - a scroll of teleportation {unknown}
Books
 b - a book of Changes

   Spells                             Type                      Level
   a - Beastly Appendage              Transmutation                1
   b - Sticks to Snakes               Transmutation                2
   c - Spider Form                    Transmutation/Poison         3
   d - Ice Form                       Ice/Transmutation            4
   e - Blade Hands                    Transmutation                5
Comestibles
 c - a bread ration
 f - 4 chunks of flesh


   Skills:
 - Level 1.0 Fighting
 - Level 2.0 Dodging
 * Level 1.1 Stealth
 - Level 3.1 Unarmed Combat
 - Level 2.2 Spellcasting
 - Level 2.0 Transmutations


You had 3 spell levels left.
You knew the following spells:

 Your Spells              Type           Power        Failure   Level  Hunger
a - Beastly Appendage     Trmt           #.....       12%         1    #......


Dungeon Overview and Level Annotations

Branches:
Dungeon (1/15)

Altars:


Innate Abilities, Weirdness & Mutations

You cannot wear most types of armour.
You are amphibious.
You can wear up to eight rings at the same time.
You can use your tentacles to constrict eight enemies at once.
Your skin changes colour to match your surroundings (Stealth).
Your rubbery body absorbs attacks (AC +1).


Message History

No target in view!
No target in view!
There is a stone staircase leading down here.
There is a stone staircase leading down here.
There is a large open door here.
There is a large open door here.
A giant gecko comes into view.
The giant gecko closely misses you. The giant gecko misses you.
You miss the giant gecko. Your grab misses the giant gecko.
The giant gecko bites you.
You barely miss the giant gecko. Your grab misses the giant gecko.
The giant gecko bites you.
You barely miss the giant gecko. Your grab misses the giant gecko.
The giant gecko bites you.
* * * LOW HITPOINT WARNING * * *
You are too injured to fight recklessly!
You closely miss the giant gecko. Your grab misses the giant gecko.
The giant gecko barely misses you. The giant gecko bites you.
You die...

#........##....# #.......#
#........##....# #.......#
#........##....###.......###
#.....>..''................#
#.....######.#..##....)....##
#.....# #.#...............
#.....# ## #.#...####......##
##....# #. #.#...# #.....##
#....# #.##@#...# #.....#
#....# #..l.#...# #.....##
#....# ######...####....).#
#....# #.............##
####.# #..............# #..#
#............... #..#
###............. #..#
###............. #..#
#...............


You could see a giant gecko.

Vanquished Creatures
  A giant cockroach (D:1)
  2 hobgoblins (D:1)
  A bat (D:1)
  A kobold (D:1)
  A rat (D:1)
6 creatures vanquished.

Notes
Turn   | Place    | Note
--------------------------------------------------------------
     0 | D:1      | amnekian the Octopode Transmuter began the quest for the Orb.
     0 | D:1      | Reached XP level 1. HP: 13/13 MP: 3/3
   124 | D:1      | Reached skill level 1 in Stealth
   179 | D:1      | Slain by a giant gecko

Vault maps used:
D:1:      dpeg_arrival_rooms_with_view, corexii_corridor_pit, patterned_corridor

Action                   || total
-------------------------++-------
Melee: Unarmed           ||    13
 Cast: Beastly Appendage ||     2
 Stab: Sleeping          ||     1
